 Dungeon Crawl Stone Soup version 0.30-a0-859-gf88a04b62d (webtiles) character file.

Game seed: 11311748800789168303

44 NotreDorf the Stinger (level 3, 0/26 HPs)
             Began as a Merfolk Venom Mage on Mar 6, 2023.
             Succumbed to an adder's poison
             ... on level 2 of the Dungeon.
             The game lasted 00:05:17 (939 turns).

NotreDorf the Stinger (Merfolk Venom Mage)           Turns: 939, Time: 00:05:17

Health: 0/26       AC:  2    Str:  8    XL:     3   Next: 62%
Magic:  3/6        EV: 13    Int: 16    God:
Gold:   80         SH:  0    Dex: 14    Spells: 0/6 levels left

rFire   . . .      SeeInvis .    d - +0 hand axe
rCold   . . .      Faith    .    (no shield)
rNeg    . . .      Spirit   .    a - +0 robe
rPois   .          Reflect  .    (no helmet)
rElec   .          Rampage  .    (no cloak)
rCorr   .                        (no gloves)
Will    .....                    (no boots)
Stlth   ++                       (no amulet)
HPRegen 0.24/turn                (no ring)
MPRegen 0.10/turn                (no ring)

@: lethally poisoned (0 -> -6), very slightly contaminated
A: (nimble swimmer 2), mertail
a: no special abilities


You were on level 2 of the Dungeon.
You visited 1 branch of the dungeon, and saw 2 of its levels.

You collected 80 gold pieces.

Inventory:

Hand Weapons
 d - a +0 hand axe (weapon)
Missiles
 f - 3 poisoned darts (quivered)
Armour
 a - a +0 robe (worn)
Jewellery
 k - an amulet of faith
Scrolls
 g - a scroll of enchant armour {unknown}
 h - a scroll of poison {unknown}
 i - a scroll of teleportation {unknown}
 j - 3 scrolls of torment {unknown}
 m - a scroll of immolation {unknown}
 n - a scroll of identify {unknown}
Potions
 b - a potion of magic
 c - 3 potions of curing {unknown}
 e - a potion of degeneration {unknown}
 l - a potion of haste {unknown}


   Skills:
 + Level 1.1 Fighting
 + Level 3.3 Dodging
 + Level 2.6 Stealth
 + Level 2.2 Spellcasting
 - Level 2.1 Transmutations
 + Level 3.6 Poison Magic


You couldn't memorise any spells.
You knew the following spells:

 Your Spells              Type           Power      Damage    Failure   Level
a - Sting                 Tmut/Pois      44%        1d5       6%          1
b - Poisonous Vapours     Pois/Air       14%        N/A       14%         2
c - Mephitic Cloud        Conj/Pois/Air  5%         N/A       36%         3

Your spell library contained the following spells:

 Spells                   Type           Power      Damage    Failure   Level
 Olgreb's Toxic Radiance  Pois           13%        N/A       41%         4


Dungeon Overview and Level Annotations

Branches:
Dungeon (2/15)

Altars:

Shops:
D:2 (


Innate Abilities, Weirdness & Mutations

((You are very nimble when in or above water. (Stealth+, EV+, Speed+++)))
Your lower body shifts to a powerful aquatic tail in water.


Message History

You hit the adder.
The adder is heavily wounded.
The adder looks more healthy.
The adder bites you. The adder barely misses you.
You completely miss the adder.
The adder is heavily wounded.
The adder closely misses you. The adder barely misses you.
The rat bites you but does no damage.
Casting: Sting (safe; 6% risk of failure)
Confirm with . or Enter, or press ? or * to list all spells.
Aiming: Sting (safe; 6% risk of failure)
Press: ? - help, Shift-Dir - straight line, f/p - adder
Aim: an adder (heavily wounded, 53% to hit)
You miscast Sting.
You are very lightly contaminated with residual magic.
Nothing appears to happen.
The adder bites you.
You are poisoned.
The adder poisons you! The rat barely misses you.
Casting: Sting (safe; 6% risk of failure)
Confirm with . or Enter, or press ? or * to list all spells.
Aiming: Sting (safe; 6% risk of failure)
Press: ? - help, Shift-Dir - straight line, f/p - adder
Aim: an adder (heavily wounded, 53% to hit)
The sting hits the adder.
The adder is poisoned.
The adder is severely wounded.
You feel sick. The adder bites you.
* * * LOW HITPOINT WARNING * * *
The rat closely misses you.
* * * LOW HITPOINT WARNING * * *
You feel sick. The adder bites you.
* * * LOW HITPOINT WARNING * * *
You are more poisoned.
The adder poisons you!
The rat twitches its whiskers.
Casting: Sting (safe; 6% risk of failure)
Confirm with . or Enter, or press ? or * to list all spells.
Aiming: Sting (safe; 6% risk of failure)
Press: ? - help, Shift-Dir - straight line, f/p - adder
Aim: an adder (severely wounded, poisoned, 53% to hit)
The sting misses the adder.
You die...

#..........# ##.#
#.......... #.#
+.........#########.#
#.........#_.÷....8.#
#.........#.........#
#.........#..÷......#
#.........#.....÷...#
#.....Sr..#÷.....÷8##
#......@..##...8...#
#########..)..######
#######


You could see an adder (poisoned) and a rat.

Vanquished Creatures
  An adder (D:2)
  2 dart slugs (D:1)
  4 ball pythons (D:1)
  A bat (D:1)
  2 endoplasms
  A giant cockroach (D:1)
  3 goblins (D:1)
  2 hobgoblins (D:1)
  3 jackals (D:1)
  3 kobolds
  2 quokkas
  4 frilled lizards (D:1)
  A rat (D:1)
29 creatures vanquished.

Notes
Turn   | Place    | Note
-------+----------+-------------------------------------------
     0 | D:1      | NotreDorf the Merfolk Venom Mage began the quest for the
                  | Orb.
     0 | D:1      | Reached XP level 1. HP: 13/13 MP: 3/3
   132 | D:1      | Reached XP level 2. HP: 20/20 MP: 3/5
   445 | D:1      | Reached XP level 3. HP: 25/25 MP: 4/6
   712 | D:1      | Learned a level 2 spell: Poisonous Vapours
   716 | D:1      | Learned a level 3 spell: Mephitic Cloud
   820 | D:2      | Reached skill level 1 in Fighting
   838 | D:2      | Found Refainn's Weapon Boutique.
   915 | D:2      | Found a faded altar of an unknown god.
   939 | D:2      | Succumbed to an adder's poison

Illustrated notes

Levels and vault maps discovered:
D:1:      heliophobic_arrival_dark_side_of_the_moon, layout_rooms,
          minmay_tree_intersection
D:2:      layout_basic, serial_shops, nicolae_shop_bloodbath_and_beyond,
          shapermc_ecumenical_altar_pompeii, kennysheep_generic_room_10,
          uniq_jessica, uniq_sigmund

Skill      XL: |  1  2  3 |
---------------+----------+-----
Dodging        | 3 |  3.3
Transmutations | 2 |  2.1
Fighting       | 1 |  1.1
Stealth        | |  2.6
Spellcasting   | |  2.2
Poison Magic   | |  3.6

Action                     || total
---------------------------++-------
  Melee: Hand axe          ||    35
   Cast: Sting             ||    39
 Armour: Robe              ||     8
  Dodge: Dodged            ||    38

Table legend: (Time is in decaauts)
 A = Elapsed time spent in this place.
 B = Non-inter-level travel time spent in this place.
 C = Inter-level travel time spent in this place.
 D = Time resting spent in this place.
 E = Time spent auto-exploring this place.
 F = Levels seen in this place.
 G = Mean time per level.
                   A        B        C        D        E       F      G
               +--------+--------+--------+--------+--------+-----+--------+
         Total |    948 |    941 |      7 |     82 |    587 |   2 |  474.0 |
       Dungeon |    948 |    941 |      7 |     82 |    587 |   2 |  474.0 |
               +--------+--------+--------+--------+--------+-----+--------+

Top non-repeatable levels by time:
     D:1: 742 daAuts
     D:2: 206 daAuts
